 Dungeon Crawl Stone Soup version 0.18-a0-846-g91b95b1 (webtiles) character file.

4724 root the Skirmisher (level 10, -6/86 HPs)
             Began as a Centaur Fighter on Dec 20, 2015.
             Was a Follower of Qazlal.
             Killed by divine providence
             ... invoked by an orc priest
              (11 damage)
             ... on level 7 of the Dungeon.
             The game lasted 01:15:39 (12003 turns).

root the Skirmisher (Centaur Fighter)              Turns: 12003, Time: 01:15:39

Health: -6/86      AC: 12    Str: 19    XL:     10   Next: 22%
Magic:  10/10      EV:  5    Int:  7    God:    Qazlal [*.....]
Gold:   401        SH: 11    Dex: 12    Spells: 0 memorised, 9 levels left

rFire  + . .     SeeInvis .     Q - +1 spear
rCold  . . .     Gourm    .     j - +0 chain mail
rNeg   . . .     Faith    .     c - +0 shield
rPois  .         Spirit   .     q - +0 helmet
rElec  .         Dismiss  .     (no cloak)
rCorr  .         Reflect  .     S - +1 pair of gloves
SustAt .         Harm     .     (no barding)
MR     +....                    (no amulet)
Stlth  ..........               E - ring of protection from magic
                                V - ring of protection from fire

@: starving, very quick, somewhat resistant to hostile enchantments, extremely
unstealthy
A: hooves 3, deformed body, speed 2, tough skin 3
a: Renounce Religion


You were on level 7 of the Dungeon.
You worshipped Qazlal.
Qazlal was aware of your devotion.
You were starving.

You visited 1 branch of the dungeon, and saw 8 of its levels.

You collected 401 gold pieces.

Inventory:

Hand Weapons
 a - a +0 trident
 m - a +0 shortbow
 K - a +0 glaive
 Q - a +1 spear (weapon)
Missiles
 u - 91 arrows
Armour
 c - a +0 shield (worn)
 j - a +0 chain mail (worn)
 o - a +0 steam dragon armour
 q - a +0 helmet (worn)
 M - a +0 helmet
 S - a +1 pair of gloves (worn)
Jewellery
 h - a +2 ring of protection
 s - an uncursed ring of fire
 A - an uncursed ring of invisibility
 B - an uncursed ring of positive energy
 E - a ring of protection from magic (right hand)
 G - an uncursed ring of sustain attributes
 H - an uncursed amulet of rage {unknown}
 V - a ring of protection from fire (left hand)
Wands
 l - a wand of confusion (22/48)
 z - a wand of disintegration (5/24)
 C - a wand of paralysis (12/24)
 D - a wand of magic darts (19/48)
 F - a wand of random effects (43/48)
Scrolls
 b - 2 scrolls of recharging {unknown}
 e - 2 scrolls of teleportation
 g - a scroll of noise {unknown}
 r - a scroll of immolation {unknown}
 w - 3 scrolls of enchant armour {unknown}
 y - 2 scrolls of magic mapping
 N - a scroll of blinking {unknown}
 T - a scroll of acquirement {unknown}
Potions
 d - a potion of might
 i - 8 potions of curing
 k - a potion of ambrosia
 n - 2 potions of heal wounds
 p - a potion of invisibility
 t - a potion of flight {unknown}
 x - a potion of berserk rage {unknown}
 I - 2 potions of brilliance {unknown}
 J - a potion of poison {unknown}
 L - a potion of haste {unknown}
 R - a potion of cancellation {unknown}
Comestibles
 f - 5 bread rations
 v - 2 beef jerkies
 O - a slice of pizza
 P - 2 fruits
 U - a royal jelly


   Skills:
 + Level 7.3 Fighting
 + Level 7.1 Polearms
 + Level 4.5 Bows
 + Level 6.4 Armour
 + Level 2.8 Dodging
 + Level 5.0 Shields


You had 9 spell levels left.
You didn't know any spells.

Dungeon Overview and Level Annotations

Branches:
Dungeon (8/15)             Temple (0/1) D:7
   Lair: D:8-11

Altars:
Ashenzari
Cheibriados
Dithmenos
Elyvilon
Fedhas
Makhleb
Qazlal
Xom
Yredelemnul
Zin

Annotations:
D:4 cireshan's ghost, amateur DgFE


Innate Abilities, Weirdness & Mutations

You have hooves in place of feet.
Armour fits poorly on your strangely shaped body.
You cover ground very quickly.
You have extremely tough skin (AC +3).


Message History

The orc priest hits you but does no damage.
You hit the orc priest but do no damage.
You kick the orc priest, but do no damage.
The orc priest is severely wounded.
The orc priest invokes the aid of Beogh against you.
Something smites you!
* * * LOW HITPOINT WARNING * * *
You hit the orc priest but do no damage.
You kick the orc priest, but do no damage.
The orc priest is severely wounded.
You hit the orc priest but do no damage.
You kick the orc priest, but do no damage.
The orc priest is severely wounded.
You block the orc priest's attack.
You closely miss the orc priest.
You kick the orc priest, but do no damage.
The orc priest is severely wounded.
The orc priest invokes the aid of Beogh against you.
Something smites you!
You die...

#...........#
#.........#.##
#.........#..#
#.........#..#
#.........#..#
############.##
###### #..# .....#
##[#### #.##.#
#[@o.# ...#.###
####.# ##.#...# #.#
.....#.# #.#
...#.#.# #.#
...#...###########.#
#..######.......##.#
...# #.#####.##.#
#.#######.# #.##.#


You could see an orc priest.

Vanquished Creatures
  The ghost of root the Poker, a novice CeFi of Qazlal (D:8)
  The ghost of tof the Skirmisher, a novice MiMo of the Shining One (D:6)
  Grum (D:8)
  2 hungry ghosts (D:7)
  2 wolves
  An orc warrior (D:6)
  2 phantoms
  3 ice beasts
  4 ogres
  A sky beast (D:7)
  The ghost of WhatIsLove the Skirmisher, an amateur DsBe of Trog (D:3)
  3 black bears
  2 centaurs (D:6)
  2 giant frogs
  A gnoll sergeant (D:8)
  A big kobold (D:7)
  A wyvern zombie (D:6)
  2 scorpions
  A giant frog zombie (D:5)
  4 crimson imps
  5 hounds
  4 orc wizards
  3 orc priests
  2 jellies
  A centaur skeleton (D:6)
  Natasha (thrice) (D:3)
  3 iguanas
  4 worker ants
  A hound skeleton (D:7)
  7 gnolls
  9 adders
  A shadow imp (D:7)
  2 oozes
  4 adder skeletons
  2 worms
  2 giant geckos
  20 orcs
  2 ball pythons
  14 bats
  9 giant cockroaches
  8 hobgoblins
  4 jackals (D:5)
  4 quokkas
  A ball python skeleton (D:4)
  A giant gecko skeleton (D:4)
  2 giant newts
  5 goblins
  12 kobolds
  A quokka skeleton (D:5)
  10 rats
  A withered plant (D:8)
183 creatures vanquished.

Vanquished Creatures (others)
  7 fungi (D:7)
7 creatures vanquished.

Grand Total: 190 creatures vanquished

Notes
Turn   | Place    | Note
--------------------------------------------------------------
     0 | D:1      | root the Centaur Fighter began the quest for the Orb.
     0 | D:1      | Reached XP level 1. HP: 19/19 MP: 1/1
   105 | D:1      | Reached XP level 2. HP: 19/26 MP: 2/2
   774 | D:2      | Found a stormy altar of Qazlal.
   808 | D:2      | Reached XP level 3. HP: 23/31 MP: 3/3
   878 | D:2      | Found a snail-covered altar of Cheibriados.
  1363 | D:2      | Reached XP level 4. HP: 25/38 MP: 4/4
  1812 | D:3      | Noticed WhatIsLove's ghost (amateur DsBe)
  2202 | D:3      | Killed WhatIsLove's ghost
  2202 | D:3      | Reached skill level 1 in Dodging
  2202 | D:3      | Reached XP level 5. HP: 44/46 MP: 5/5
  3012 | D:3      | Noticed Natasha
  3022 | D:3      | Killed Natasha
  3217 | D:4      | Noticed cireshan's ghost (amateur DgFE)
  3266 | D:4      | Reached skill level 4 in Fighting
  3352 | D:4      | Reached XP level 6. HP: 39/52 MP: 6/6
  3368 | D:4      | Found a white marble altar of Elyvilon.
  3552 | D:3      | Noticed Natasha
  3556 | D:3      | Killed Natasha
  4104 | D:3      | Noticed Natasha
  4112 | D:3      | Killed Natasha
  4608 | D:5      | Entered Level 5 of the Dungeon
  4616 | D:5      | Reached XP level 7. HP: 59/59 MP: 7/7
  5916 | D:6      | Found a shimmering altar of Xom.
  5916 | D:6      | Found a glowing silver altar of Zin.
  5916 | D:6      | Noticed an angel
  5963 | D:6      | Reached XP level 8. HP: 50/67 MP: 8/8
  5978 | D:6      | Noticed tof's ghost (novice MiMo)
  6829 | D:6      | Killed tof's ghost
  6829 | D:6      | Reached skill level 5 in Fighting
  6885 | D:6      | Reached skill level 5 in Polearms
  7591 | D:6      | Reached XP level 9. HP: 48/75 MP: 9/9
  7793 | D:6      | Found a stormy altar of Qazlal.
  7798 | D:6      | Became a worshipper of Qazlal Stormbringer
  7964 | D:6      | Reached skill level 6 in Fighting
  8063 | D:7      | Found a blossoming altar of Fedhas.
  8413 | D:7      | Found a burning altar of Makhleb.
  8456 | D:7      | Found a staircase to the Ecumenical Temple.
  8650 | D:7      | Reached skill level 5 in Armour
  8914 | D:7      | Found a shattered altar of Ashenzari.
  9471 | D:7      | Reached * piety under Qazlal
  9471 | D:7      | Reached skill level 5 in Shields
  9524 | D:8      | Noticed root's ghost (novice CeFi)
  9898 | D:8      | Killed root's ghost
  9898 | D:8      | Reached skill level 7 in Fighting
 10161 | D:8      | Found a shadowy altar of Dithmenos.
 10176 | D:8      | HP: 1/79 [orc priest/divine providence (14)]
 10693 | D:8      | Reached XP level 10. HP: 74/86 MP: 10/10
 10751 | D:8      | Found a basalt altar of Yredelemnul.
 10819 | D:8      | Noticed Grum
 11391 | D:8      | Killed Grum
 12000 | D:7      | HP: 4/86 [orc priest/divine providence (11)]
 12003 | D:7      | Killed from afar by an orc priest

Vault maps used:
D:1:      ncdulo_smallfort, nrook_uturn
D:2:      lemuel_doored_altar, nicolae_qazlal_general_emergency
D:3:      uniq_natasha
D:4:      nicolae_overflow_crystal_walls, first_bread, corexii_hall_statues_i
D:6:      grunt_temple_overflow_order_and_chaos_1, marbit_many_paths
D:7:      ashenzari_conservatory_becter, makhleb_heckhound_becter,
          fedhas_altar_3, minmay_temple_entry_butterflies
D:8:      grunt_temple_overflow_magic_moments,
          grunt_dithmenos_smoke_and_mirrors, yredelemnul_altar_generic,
          special_room, uniq_grum

Action                   |  1- 3 |  4- 6 |  7- 9 | 10-12 || total
-------------------------+-------+-------+-------+-------++-------
Melee: Trident           |   165 |   327 |   752 |    90 ||  1334
       Spear             |       |       |       |   136 ||   136
 Fire: Shortbow          |       |       |    31 |       ||    31
  Use: Scroll            |     1 |     5 |     2 |     2 ||    10
  Eat: Chunk             |     1 |     6 |     9 |     1 ||    17
       Meat ration       |       |     1 |     1 |       ||     2
       Fruit             |       |       |     2 |     1 ||     3
